 Dungeon Crawl Stone Soup version 0.30-a0-719-gcc4359ea44 (webtiles) character file.

Game seed: 2871700060877375184

456 GiantSquids the Skirmisher (level 6, -15/37 HPs)
             Began as a Deep Elf Hunter on Jan 27, 2023.
             Was an Initiate of Ru.
             Demolished by an ogre
             ... wielding a +0 giant club
              (25 damage)
             ... on level 6 of the Dungeon.
             The game lasted 00:05:48 (3002 turns).

GiantSquids the Skirmisher (Deep Elf Hunter)        Turns: 3002, Time: 00:05:49

Health: -15/37     AC:  5    Str:  8    XL:     6   Next: 77%
Magic:  8/8        EV: 14    Int: 14    God:    Ru [......]
Gold:   189        SH:  0    Dex: 20    Spells: 5/5 levels left

rFire   . . .      SeeInvis .    a - +0 shortbow
rCold   . . .      Faith    .    (shield currently unavailable)
rNeg    . . .      Spirit   .    n - +2 animal skin
rPois   .          Reflect  .    o - +0 helmet
rElec   .          Harm     .    (no cloak)
rCorr   .          Rampage  .    (no gloves)
Will    .....                    (no boots)
Stlth   +++                      (no amulet)
HPRegen 0.26/turn                (no ring)
MPRegen 0.11/turn                (no ring)

@: no status effects
A: no striking features
a: Renounce Religion


You were on level 6 of the Dungeon.
You worshipped Ru.
Ru was noncommittal.
You visited 2 branches of the dungeon, and saw 6 of its levels.

You collected 189 gold pieces.

Inventory:

Hand Weapons
 a - a +0 shortbow (weapon)
Armour
 n - a +2 animal skin (worn)
 o - a +0 helmet (worn)
Scrolls
 b - a scroll of immolation
 c - a scroll of butterflies {unknown}
 d - 3 scrolls of identify {unknown}
 f - 2 scrolls of fear {unknown}
 g - a scroll of enchant armour {unknown}
 h - a scroll of magic mapping {unknown}
 i - a scroll of vulnerability {unknown}
Potions
 e - a potion of lignification {unknown}
 j - 2 potions of curing {unknown}
 k - 2 potions of might {unknown}
 l - a potion of brilliance {unknown}
 m - 3 potions of heal wounds {unknown}
 p - a potion of mutation {unknown}
 q - a potion of attraction {unknown}
 r - a potion of flight {unknown}


   Skills:
 + Level 3.0 Fighting
 * Level 8.1 Ranged Weapons
 + Level 4.4 Dodging
 - Level 3.7 Stealth


You had 5 spell levels left.
You didn't know any spells.
Your spell library contained the following spells:

 Spells                   Type           Power      Damage    Failure   Level
 Sandblast                Erth           0%         2d4       28%         1
 Ensorcelled Hibernation  Hex/Ice        0%         N/A       41%         2
 Passwall                 Tmut/Erth      0%         N/A       41%         2
 Stone Arrow              Conj/Erth      0%         3d7       65%         3
 Swiftness                Air            0%         N/A       65%         3


Dungeon Overview and Level Annotations

Branches:
Dungeon (4/15)             Temple (1/1) D:4

Altars:
Dithmenos
Elyvilon
Makhleb
Qazlal
Ru
Sif Muna
Wu Jian
Yredelemnul
Zin
The Shining One


Message History

You kill the kobold!
No target in view!
Found 4 boomerangs.
No target in view!
A sourceless malevolence fills the Dungeon...
You fall into a shaft and drop 2 floors!
The shaft crumbles and collapses.
An adder comes into view.
An adder is nearby!
You shoot an arrow. The arrow hits the adder!
The adder hisses angrily.
The adder is almost dead.
You shoot an arrow. The arrow misses the adder.
You shoot an arrow. The arrow hits the adder!
You kill the adder!
You see here an adder corpse.
An ogre comes into view. It is wielding a +0 giant club.
The ogre moves out of view.
No target in view!
You shoot an arrow. The arrow closely misses the ogre.
You hear a bark!
A hound comes into view.
You shoot an arrow. The arrow hits the ogre.
The ogre is lightly wounded.
You hear an angry hiss.
The ogre hits you with a +0 giant club!!
Ouch! That really hurt!
* * * LOW HITPOINT WARNING * * *
You are too injured to fight recklessly!
You are too injured to fight recklessly!
You are too injured to fight recklessly!
You are too injured to fight recklessly!
Fire: a) +0 shortbow
Press: ? - help, Q - select action Shift-Dir - straight line, f/p - ogre
Aim: an ogre, wielding a +0 giant club (lightly wounded, 79% to hit)
You shoot an arrow. The arrow barely misses the ogre.
The arrow hits the hound!
The hound is heavily wounded.
The ogre hits you with a +0 giant club!!
Ouch! That really hurt!
You die...

#..# ## ...##.
# ##..#. ..
.... # #. ...
#.#. #h#
#.#.###O#
#......@#
#.....###
#....†# #.....#
#.....#
#.....###
###.....#
#.###.#
##.#.###.####.#


You could see an ogre and a hound.

Vanquished Creatures
  Grinder (D:3)
  A hound (D:4)
  2 orc priests (D:3)
  Terence (D:3)
  An orc wizard (D:3)
  Robin (D:2)
  2 adders
  A dart slug (D:3)
  7 orcs
  10 ball pythons
  6 endoplasms
  4 giant cockroaches
  17 goblins
  8 hobgoblins
  6 kobolds
  4 quokkas
  11 bats
  3 frilled lizards
  7 rats
93 creatures vanquished.

Notes
Turn   | Place    | Note
-------+----------+-------------------------------------------
     0 | D:1      | GiantSquids the Deep Elf Hunter began the quest for the
                  | Orb.
     0 | D:1      | Reached XP level 1. HP: 12/12 MP: 3/3
   123 | D:1      | Reached XP level 2. HP: 17/17 MP: 4/4
   995 | D:2      | Reached XP level 3. HP: 21/21 MP: 5/5
  1074 | D:2      | Reached skill level 6 in Ranged Weapons
  1113 | D:2      | Found a glowing golden altar of the Shining One.
  1186 | D:2      | Found a faded altar of an unknown god.
  1512 | D:2      | Noticed Robin
  1735 | D:2      | Reached XP level 4. HP: 26/26 MP: 6/6
  1742 | D:2      | Killed Robin
  2093 | D:3      | Noticed Grinder
  2096 | D:3      | Paralysed by Grinder for 5 turns
  2114 | D:3      | Killed Grinder
  2115 | D:3      | Reached skill level 7 in Ranged Weapons
  2115 | D:3      | Reached XP level 5. HP: 4/31 MP: 7/7
  2115 | D:3      | Reached XP level 6. HP: 4/36 MP: 8/8
  2173 | D:3      | Noticed Terence
  2301 | D:3      | Killed Terence
  2749 | D:3      | Reached skill level 8 in Ranged Weapons
  2894 | D:4      | Found a staircase to the Ecumenical Temple.
  2919 | Temple   | Entered the Ecumenical Temple
  2931 | Temple   | Became a worshipper of Ru the Awakened
  2982 | D:4      | You fall into a shaft and drop 2 floors!
  3002 | D:6      | Demolished by an ogre

Illustrated notes

Levels and vault maps discovered:
D:1:      dpeg_arrival_arbitrary_b, layout_loops_corners, glass_columns_c,
          st_stairs_4
D:2:      layout_basic, basic_altar, hellmonk_ecumenical_altar_crossroads,
          serial_corexii_hall, corexii_hall_statues_l, corexii_hall_statues_x,
          corexii_hall_statues_u, corexii_hall_statues_x, uniq_robin
D:3:      layout_rooms, grunt_ministairs_9, kennysheep_generic_room_3,
          uniq_grinder, uniq_terence
D:4:      minmay_inner_zag, layout_loops_ring, mainiacjoe_overflow_alcove_4
D:6:      layout_loops_cross, fedhas_altar_decomposition
Temple:   hellmonk_temple_rainy

Skill      XL: |  1  2  3  4  5  6 |
---------------+-------------------+-----
Stealth        | 2 3 |  3.7
Fighting       | 2 3 |  3.0
Ranged Weapons | 6 7 8 |  8.1
Dodging        | 3 4 |  4.4

Action                     |  1- 3 |  4- 6 || total
---------------------------+-------+-------++-------
  Melee: Shortbow          |       |     2 ||     2
   Fire: Shortbow          |   145 |   148 ||   293
 Armour: Leather armour    |    22 |     2 ||    24
         Animal skin       |       |    34 ||    34
  Dodge: Dodged            |    49 |    76 ||   125

Table legend: (Time is in decaauts)
 A = Elapsed time spent in this place.
 B = Non-inter-level travel time spent in this place.
 C = Inter-level travel time spent in this place.
 D = Time resting spent in this place.
 E = Time spent auto-exploring this place.
 F = Levels seen in this place.
 G = Mean time per level.
                   A        B        C        D        E       F      G
               +--------+--------+--------+--------+--------+-----+--------+
         Total |   3062 |   2907 |    155 |    218 |   2127 |   6 |  510.3 |
       Dungeon |   3037 |   2882 |    155 |    218 |   2127 |   5 |  607.4 |
        Temple |     24 |     24 |      0 |      0 |      0 |   1 |   24.0 |
               +--------+--------+--------+--------+--------+-----+--------+

Top non-repeatable levels by time:
     D:1: 1131 daAuts
     D:2: 1012 daAuts
     D:3: 695 daAuts
     D:4: 178 daAuts
  Temple: 24 daAuts
     D:6: 20 daAuts
